 Dungeon Crawl Stone Soup version 0.26-a0-1205-g4083c211ab (webtiles) character file.

Game seed: 16288420725123003305

47 tatocazan the Sneak (level 3, 0/22 HPs)
             Began as a Kobold Brigand on Dec 29, 2020.
             Slain by an adder (2 damage)
             ... on level 1 of the Dungeon.
             The game lasted 00:02:12 (1213 turns).

tatocazan the Sneak (Kobold Brigand)                Turns: 1213, Time: 00:02:13

Health: 0/22       AC:  3    Str:  8    XL:     3   Next: 97%
Magic:  3/3        EV: 15    Int: 12    God:
Gold:   16         SH:  0    Dex: 17    Spells: 2/2 levels left

rFire    . . .     SeeInvis .   h - +2 short sword (vamp)
rCold    . . .     Faith    .   (shield restricted)
rNeg     . . .     Spirit   .   b - +0 robe
rPois    .         Reflect  .   (no helmet)
rElec    .         Harm     .   c - +0 cloak
rCorr    .         Rampage  .   (no gloves)
Will     .....                  (no boots)
Stlth    ++++......             l - amulet of inaccuracy (curse)
HPRegen  0.07/turn              (no ring)
MPRegen  0.08/turn              (no ring)

@: mighty
A: small, nightstalker 3
a: no special abilities


You were on level 1 of the Dungeon.
You visited 1 branch of the dungeon, and saw 2 of its levels.

You collected 16 gold pieces.

Inventory:

Hand Weapons
 a - a +2 dagger
 h - a +2 vampiric short sword (weapon)
Missiles
 d - 8 poisoned darts (quivered)
 e - 2 curare-tipped darts
Armour
 b - a +0 robe (worn)
 c - a +0 cloak (worn)
 i - a +0 buckler
Jewellery
 l - a cursed amulet of inaccuracy (around neck)
Scrolls
 g - a scroll of enchant weapon {unknown}
Potions
 f - a potion of heal wounds {unknown}
 j - a potion of might


   Skills:
 + Level 2.5 Fighting
 * Level 3.5 Short Blades
 + Level 2.6 Throwing
 + Level 1.8 Dodging
 * Level 6.0 Stealth


You had 2 spell levels left.
You didn't know any spells.
Your spell library was empty.

Dungeon Overview and Level Annotations

Branches:
Dungeon (2/15)

Altars:


Innate Abilities, Weirdness & Mutations

You are small and have problems with some larger weapons.
You are completely attuned to the shadows.


Message History

* * * LOW HITPOINT WARNING * * *
The leopard gecko bites you but does no damage.
You take 4 damage, and have 2/22 hp.
You puncture the adder!
You feel better.
The adder is almost dead.
The adder misses you. The leopard gecko bites you.
* * * LOW HITPOINT WARNING * * *
The orc misses you.
You take 1 damage, and have 1/22 hp.
You miss the adder.
The adder is almost dead.
The adder closely misses you. The leopard gecko barely misses you.
You miss the adder.
The adder is almost dead.
The adder misses you. The orc misses you. The leopard gecko closely misses you.
You miss the adder.
The adder is almost dead.
The adder misses you. The leopard gecko misses you. The orc closely misses you.
The adder bites you.
You die...

##..##+## ##..##...##
##..##.....## #..##.8...8.##
#.##.#.....#.##
#.#...8...8...###
#.'...........'.#
#S#...8...8...#.#
#######@##.#.....#.##.# ###
#.....lo###.8...8.##..#
..########.......#.##.....###.##
....##...#.......#..##...##...#
.................#...##'##..###
...........................##
.................#..........#
.................#..........#
.................#....).....#


You could see an adder, an orc and a leopard gecko.

Vanquished Creatures
  An adder (D:2)
  An ooze (D:2)
  A dart slug (D:1)
  2 leopard geckos (D:2)
  An orc (D:2)
  A ball python (D:1)
  3 bats
  2 giant cockroaches
  A hobgoblin (D:1)
  3 jackals (D:1)
  2 quokkas (D:2)
  3 frilled lizards
  3 goblins (D:1)
  2 kobolds
  3 rats (D:1)
29 creatures vanquished.

Notes
Turn   | Place    | Note
-------+----------+-------------------------------------------
     0 | D:1      | tatocazan the Kobold Brigand began the quest for the Orb.
     0 | D:1      | Reached XP level 1. HP: 12/12 MP: 1/1
   347 | D:1      | Reached XP level 2. HP: 17/17 MP: 2/2
   604 | D:1      | Reached XP level 3. HP: 22/22 MP: 3/3
  1085 | D:2      | Reached skill level 6 in Stealth
  1207 | D:1      | HP: 1/22 [orc/+0 flail (7)]
  1213 | D:1      | Slain by an adder

Illustrated notes

Levels and vault maps discovered:
D:1:      minmay_arrival_widening_spiral_narrow, layout_rooms,
          kennysheep_decorative_pillar, dk_noncrumbling_3,
          chequers_serial_rivers_small_b
D:2:      layout_basic

Skill      XL: |  1  2  3 |
---------------+----------+-----
Short Blades   | 3 |  3.5
Stealth        | 6 |  6.0
Fighting       | |  2.5
Throwing       | |  2.6
Dodging        | |  1.8

Action                   || total
-------------------------++-------
Melee: Dagger            ||    14
       Short sword       ||    68
  Use: Potion            ||     3
       Scroll            ||     2
 Stab: Sleeping          ||    16
Armor: Robe              ||    15
Dodge: Dodged            ||    69

Table legend: (Time is in decaauts)
 A = Elapsed time spent in this place.
 B = Non-inter-level travel time spent in this place.
 C = Inter-level travel time spent in this place.
 D = Time resting spent in this place.
 E = Time spent auto-exploring this place.
 F = Levels seen in this place.
 G = Mean time per level.
                   A        B        C        D        E       F      G
               +--------+--------+--------+--------+--------+-----+--------+
         Total |   1207 |   1207 |      0 |      0 |    979 |   2 |  603.5 |
       Dungeon |   1207 |   1207 |      0 |      0 |    979 |   2 |  603.5 |
               +--------+--------+--------+--------+--------+-----+--------+

Top non-repeatable levels by time:
     D:1: 838 daAuts
     D:2: 368 daAuts
